Cogmind - Beta 9.6 @@@ ROGUE MODE // 2020.07.15 @ 10:56:06 Player: Finestep Result: Destroyed by P-80 Master with Gamma Rifle Performance ------------- Evolutions (7) 3500 Regions Visited (24) 4800 Robots Destroyed (499) 2495 Value Destroyed (18738) 18738 Prototype IDs (41) 820 Alien Tech Used (1) 200 Bonus (5275) 5275 TOTAL SCORE: 35828 Bonus ------- High Alert Combat Kills 3390 Follower Combat Kills 2964 Network Hubs Disabled 600 Met Zhirov 300 Met Warlord at Base 500 MAIN.C Attacked Warlord 500 Warlord Defense Kill 368 Built Enhanced Grunts 300 A7 Reached Mainframe 300 Met R17 at Cetus 500 Friendly Fire -4447 Cogmind --------- Core Integrity 0/1300 Matter 157/300 Energy 170/170 System Corruption 41% Temperature Cool (0) Movement Core (1450) Ox28 Location -3/Testing Parts ------- > --- POWER (2) -------- Light Antimatter Reactor > --- PROPULSION (4) --- (None) > --- UTILITY (12) ----- High-capacity Storage Unit High-capacity Storage Unit Advanced Terrain Scan Processor > --- WEAPON (3) ------- Coil Gun Coil Gun > --- INVENTORY (20) --- Flexi-carbon Leg Myomer Leg Myomer Leg Myomer Leg Myomer Leg High-density Centrium Wheel Advanced Heat Sink Long-range Sensor Array Long-range Sensor Array Long-range Terrain Scanner Advanced Component Analysis Suite Transdimensional Reconstructor Compact HERF Cannon Coil Gun Compact Mass Driver Micro-nuke Launcher Power Sword Peak State ------------ > --- POWER ------------ Particle Reactor Light Particle Reactor > --- PROPULSION ------- Armored Heavy Treads Myomer Leg Advanced Myomer Leg > --- UTILITY ---------- Experimental Cooling System High-capacity Storage Unit High-capacity Storage Unit Matter Compressor Advanced Terrain Scan Processor Advanced Targeting Computer Advanced Target Analyzer Advanced Core Analyzer Improved Phase Shifter Advanced Hardlight Generator Advanced Shield Generator Improved Hacking Suite > --- WEAPON ----------- Enhanced Coil Gun Enhanced Coil Gun Compact Mass Driver > --- INVENTORY -------- Centrium Wheel Advanced Coolant Injector Energy Well Long-range Terrain Scanner Long-range Terrain Scanner Precision Energy Filter Quantum Capacitor Advanced Transmission Jammer Improved Phase Shifter Improved Hacking Suite Advanced System Shield Improved System Restoration Module Transdimensional Reconstructor Heavy Disruptor Cannon Coil Gun Railgun Advanced Remote Datajack Force Lance [Rating: 145] Favorites ----------- Power Quantum Reactor Engine Improved Deuterium Engine Power Core Neutrino Core Reactor Quantum Reactor Propulsion Armored Huge Wheel Treads Light Treads Leg Advanced Myomer Leg Wheel Armored Huge Wheel Utility High-capacity Storage Unit Device Long-range Sensor Array Storage High-capacity Storage Unit Processor Advanced Targeting Computer Hackware Improved Hacking Suite Protection Centrium Medium Armor Plating Weapon Heavy Gauss Cannon Energy Gun Gamma Rifle Energy Cannon Heavy Phase Cannon Ballistic Gun Improved KE Penetrator Ballistic Cannon Heavy Gauss Cannon Launcher Proton Missile Launcher Special Weapon Mining Laser Slashing Weapon Scythe Piercing Weapon Force Lance Build | -11 -10 -9 -9 -8 -7 -7 -7 -6 -6 -6 -6 -6 -5 -5 -5 -5 -4 -4 -4 -4 -4 -3 -3 -3 ------- Run | Scr Mat Mat Sto Mat Fac Was Fac Fac Ext Cet Arc Hub Fac Upp Upp War Pro Fac Upp Upp Zhi Pro Res Tes Slots Evolved 14 | . . 2 . 2 2 . . 2 . . . . 2 . . . . 2 . . . . 2 . Power 1 | . . . . . . . . . . . . . 1 . . . . . . . . . . . Propulsion 2 | . . . . 1 . . . 1 . . . . . . . . . . . . . . . . Utility 10 | . . 2 . 1 2 . . 1 . . . . 1 . . . . 1 . . . . 2 . Weapon 1 | . . . . . . . . . . . . . . . . . . 1 . . . . . . Parts Attached 584 | 6 13 33 18 43 39 14 6 7 14 15 4 16 34 14 2 7 9 102 4 9 11 9 80 75 Power 51 | 1 1 5 . 4 2 1 . . 1 1 . . 3 . . 1 1 6 . . 2 . 9 13 Engine 16 | 1 1 5 . 4 2 1 . . 1 . . . . . . . . . . . 1 . . . Core 6 | . . . . . . . . . . . . . 2 . . . . 1 . . . . . 3 Reactor 29 | . . . . . . . . . . 1 . . 1 . . 1 1 5 . . 1 . 9 10 Propulsion 110 | 2 3 12 5 12 13 1 2 1 2 4 . 1 5 . 1 . . 14 . . 5 . 9 18 Treads 43 | 1 2 9 5 7 . . 1 1 2 3 . . 2 . . . . 6 . . . . 2 2 Leg 44 | . . . . 4 12 . 1 . . . . . . . . . . . . . 5 . 6 16 Wheel 23 | 1 1 3 . 1 1 1 . . . 1 . 1 3 . 1 . . 8 . . . . 1 . Hover . | . . . . . . . . . . . . . . . . . . . . . . . . . Flight . | . . . . . . . . . . . . . . . . . . . . . . . . . Utility 227 | 1 2 4 2 11 13 5 3 3 3 3 2 10 12 11 1 3 5 55 4 7 4 6 37 20 Device 130 | . . . . 3 3 3 1 1 1 1 2 3 6 9 1 1 4 33 4 7 2 5 26 14 Storage 25 | 1 2 3 . 1 2 1 1 . . . . 3 1 . . 1 . 3 . . . . 4 2 Processor 9 | . . . . . 2 . . . . . . . 2 . . . . 2 . . . . 2 1 Hackware 7 | . . . . 1 1 . . . . . . 2 1 . . . . 1 . . . . 1 . Protection 56 | . . 1 2 6 5 1 1 2 2 2 . 2 2 2 . 1 1 16 . . 2 1 4 3 Artifact . | . . . . . . . . . . . . . . . . . . . . . . . . . Weapon 196 | 2 7 12 11 16 11 7 1 3 8 7 2 5 14 3 . 3 3 27 . 2 . 3 25 24 Energy Gun 25 | . . 1 2 3 1 1 . 1 2 . 2 1 2 . . . . . . . . . 4 5 Energy Cannon 52 | . 1 3 3 6 7 1 1 . 4 3 . 2 . 1 . 2 1 10 . 2 . . 2 3 Ballistic Gun 50 | 2 3 1 2 2 . . . . . 2 . 1 8 . . . . 6 . . . 2 9 12 Ballistic Cannon 33 | . 1 5 2 . 1 3 . 2 . . . 1 . . . . . 6 . . . 1 7 4 Launcher 14 | . . 1 . 3 2 1 . . 2 2 . . 2 . . 1 . . . . . . . . Special Weapon 3 | . 2 1 . . . . . . . . . . . . . . . . . . . . . . Impact Weapon . | . . . . . . . . . . . . . . . . . . . . . . . . . Slashing Weapon 12 | . . . 2 2 . 1 . . . . . . 2 2 . . 2 1 . . . . . . Piercing Weapon 7 | . . . . . . . . . . . . . . . . . . 4 . . . . 3 . Special Melee Weapon . | . . . . . . . . . . . . . . . . . . . . . . . . . Unidentified Prototypes 23 | . . 2 3 . . . . 2 . 3 . . 1 . . . . 3 . . 4 . 4 1 Parts Lost 155 | . 7 7 2 7 6 6 . . . . . 6 2 . . 3 1 20 . . . 6 34 48 Power 26 | . 2 2 . 1 . . . . . . . 1 . . . 1 . 2 . . . 1 7 9 Propulsion 30 | . 2 2 . . 2 2 . . . . . 1 1 . . . . 3 . . . . 7 10 Utility 53 | . . . 1 5 3 1 . . . . . 2 1 . . 1 . 6 . . . 2 12 19 Weapon 46 | . 3 3 1 1 1 3 . . . . . 2 . . . 1 1 9 . . . 3 8 10 Highest Loss Streak 17 | . 4 2 2 2 2 5 . . . . . 3 1 . . 3 1 11 . . . 6 8 17 Average Slot Usage (%) 91 | . 93 97 99 96 99 80 91 86 87 81 79 79 88 94 91 87 87 89 93 94 94 93 87 85 Engine 3 | . 10 10 11 8 7 6 7 6 6 . . . . . . . . . . . 1 5 . . Core 1 | . . . . . . . . . . . . . 4 5 5 5 3 . 5 5 5 4 . 2 Reactor 3 | . . . . . . . . . . 5 6 5 5 5 5 4 7 9 5 5 3 . 7 4 Treads 7 | . 13 15 22 17 . . 4 13 13 6 6 5 5 5 5 5 5 4 5 5 3 . 1 3 Leg 5 | . . . . 9 22 6 1 . . . . . . . . . . . . . 7 21 11 10 Wheel 4 | . 13 6 . . . 4 7 6 6 6 6 6 6 11 8 5 5 6 15 15 9 . 1 . Device 9 | . . . . 7 9 15 15 13 13 12 12 7 11 10 11 10 10 8 9 10 10 9 13 12 Storage 20 | . 26 38 33 27 23 21 23 20 20 20 20 20 17 17 17 17 17 15 15 15 15 15 13 11 Processor 8 | . . . . . 7 7 7 6 6 6 6 6 13 17 17 17 17 14 10 10 10 10 16 14 Hackware 3 | . . . . . 4 . . . . . . 5 2 5 5 5 5 6 5 5 5 5 5 6 Protection 4 | . . 4 11 8 7 3 7 6 7 6 6 6 4 . . . . 5 5 5 5 5 1 3 Energy Gun 1 | . . . 3 4 2 . . 1 4 . 1 2 1 . . . . . . . . . . 2 Energy Cannon 4 | . . 6 7 6 7 2 4 4 6 8 5 4 . 3 5 5 7 3 . 6 10 8 1 . Ballistic Gun 4 | . 24 1 4 6 2 . . . . 2 5 . 9 3 . . . 5 10 3 . . 5 4 Ballistic Cannon 3 | . 3 13 5 . 1 2 7 6 1 . . 4 . . . . . 3 5 5 5 5 2 4 Naked Turns . | . . . . . . . . . . . . . . . . . . . . . . . . . Heaviest Build 182 | 13 73 98 97 103 108 98 99 111 112 117 114 135 136 134 129 144 144 169 172 182 179 160 159 129 Greatest Support 150 | 20 20 40 40 60 48 43 28 28 28 28 28 70 150 24 28 28 28 115 48 48 115 115 115 120 Greatest Overweight (x) 10 | 1 7 9 4 5 3 3 3 3 3 4 4 4 5 5 5 5 5 5 3 3 10 1 7 3 Average Overweight (x) 3 | . 5 3 2 1 1 2 3 3 3 3 3 3 4 5 4 4 4 3 3 3 2 1 2 . Largest Inventory Capacity 26 | 6 20 26 26 26 24 24 24 24 24 24 24 26 26 26 26 26 26 26 26 26 26 26 26 20 Average Capacity 24 | 5 17 26 26 25 24 22 24 24 24 24 24 25 26 26 26 26 26 26 26 26 26 26 23 20 Most Carried 26 | 5 14 26 26 26 24 24 24 24 24 24 24 26 26 26 26 26 26 26 26 26 26 26 26 20 Average Carried 22 | 2 10 22 25 25 23 19 24 23 23 23 23 25 23 25 26 25 25 24 23 25 25 25 20 18 Final Capacity 26 | 6 20 26 26 24 24 24 24 24 24 24 24 26 26 26 26 26 26 26 26 26 26 26 20 20 Final Carried 26 | 5 14 26 26 24 24 24 24 24 24 24 24 21 26 26 26 25 25 22 26 26 26 20 20 17 Class Distribution -------------------- 55% | Hauler-Mutant 11% | Scavenger-Mutant 8% | Hauler-Assassin 6% | Hauler-Gunner 3% | Hauler-Skirmisher 3% | Hacker-Gunner Dominant Class ---------------- Hauler-Mutant | -10/Materials Hauler-Mutant | -9/Materials Hauler-Mutant | -9/Storage Hauler-Mutant | -8/Materials Hauler-Mutant | -7/Factory Hauler-Mutant | -7/Waste Hauler-Mutant | -7/Factory Hauler-Mutant | -6/Factory Scavenger-Mutant | -6/Extension Commander-Mutant | -6/Cetus Scavenger-Mutant | -6/Archives Hauler-Mutant | -6/Hub_04(d) Scavenger-Mutant | -5/Factory Hauler-Mutant | -5/Upper Caves Hauler-Assassin | -5/Upper Caves Hauler-Assassin | -5/Warlord Hauler-Assassin | -4/Proximity Caves Hauler-Assassin | -4/Factory Hauler-Gunner | -4/Upper Caves Hauler-Gunner | -4/Upper Caves Hauler-Gunner | -4/Zhirov Hauler-Mutant | -3/Proximity Caves Hauler-Mutant | -3/Research Scavenger-Mutant | -3/Testing Resources | -11 -10 -9 -9 -8 -7 -7 -7 -6 -6 -6 -6 -6 -5 -5 -5 -5 -4 -4 -4 -4 -4 -3 -3 -3 ----------- Run | Scr Mat Mat Sto Mat Fac Was Fac Fac Ext Cet Arc Hub Fac Upp Upp War Pro Fac Upp Upp Zhi Pro Res Tes Matter Collected 14378 | 302 694 1186 317 628 778 437 62 666 184 378 236 210 693 260 20 75 60 2207 55 488 96 192 2219 1935 Remotely 486 | . . . . . . . . . . . . . . . . . . 486 . . . . . . Salvage Created 24850 | 167 1013 2268 824 2028 1865 590 . 1078 791 394 482 876 1960 202 . 239 336 3165 60 459 96 168 3102 2687 Parts 1122 | 11 67 139 64 100 72 . . 48 33 15 22 39 71 8 . 8 12 138 7 23 1 2 134 108 Haulers Intercepted 27 | . 1 4 5 4 2 . . 1 . . . 4 1 . . . . 2 . . . . 2 1 Recyclers Shooed 33 | . 1 5 1 6 2 . . 8 . . . . 1 . . . . 4 . . . . 4 1 Parts Field Recycled . | . . . . . . . . . . . . . . . . . . . . . . . . . Retrieved Matter . | . . . . . . . . . . . . . . . . . . . . . . . . . Parts Self-Destructed 39 | . . . . . . . . . . . . . . . . . 4 . 7 25 1 2 . . Prevented 27 | . . . . . . . . . . . . . . 8 . 13 6 . . . . . . . Kills | -11 -10 -9 -9 -8 -7 -7 -7 -6 -6 -6 -6 -6 -5 -5 -5 -5 -4 -4 -4 -4 -4 -3 -3 -3 ------- Run | Scr Mat Mat Sto Mat Fac Was Fac Fac Ext Cet Arc Hub Fac Upp Upp War Pro Fac Upp Upp Zhi Pro Res Tes Combat Hostiles Destroyed 317 | . 13 44 15 31 27 3 . 9 12 5 1 5 22 3 . 3 4 44 1 6 . 5 27 37 Melee 4 | . . . . . . . . . . . . . . . . . . 1 . . . . 3 . Guns 91 | . 11 3 4 9 6 . . 3 3 . . 1 15 . . . . 9 1 . . 1 13 12 Cannons 160 | . 2 35 11 10 16 . . 6 8 1 1 2 . 2 . 1 2 28 . 6 . 4 7 18 AOE 34 | . . 6 . 11 4 3 . . 1 3 . . 4 . . . 1 1 . . . . . . Classes Destroyed 21 | 2 6 4 . 1 2 1 . 1 . . . . . . . 1 . 2 . . . . . 1 Worker 32 | . 6 2 . 1 3 . . 1 . . . 6 1 . . . . 4 . . . . 5 3 Builder 19 | . . 2 . 1 4 . . 6 1 . . 2 1 . . . . 1 . . . . 1 . Tunneler 5 | 4 1 . . . . . . . . . . . . . . . . . . . . . . . Hauler 27 | . 1 4 5 4 2 . . 1 . . . 4 1 . . . . 2 . . . . 2 1 Recycler 50 | 1 3 10 . 6 7 . . 3 . . . . 4 . . . . 6 . . . . 7 3 Carrier 1 | . . . . . . . . . . . . . . . . . . 1 . . . . . . Operator 23 | . 2 1 2 3 . . . . 1 . 9 . . . . . . . . . . . 3 2 Watcher 21 | . 3 5 1 1 3 . . 1 1 2 . . . . . . . 3 . . . . 1 . Swarmer 69 | . 1 15 3 6 7 . . 4 . 2 . . 5 . . . . 12 . . . 3 4 7 Saboteur 1 | . . . . . . . . . . . . . . . . . . 1 . . . . . . Grunt 110 | . 12 19 9 16 11 . . 4 7 . . 1 7 . . . 4 13 . . . 1 . 6 Brawler 9 | . . 1 . 2 1 . . . . . . . . . . 1 . 2 . . . . . 2 Duelist 4 | . . 1 . . . . . . 1 . . . . . . . . . . . . . . 2 Protector 5 | . . . . 1 . . . . . . . 2 1 . . 1 . . . . . . . . Sentry 39 | . . 8 3 6 5 . . . 3 . 1 1 3 . . . . 4 . . . 1 4 . Demolisher 1 | . . . . . . . . . . . . . . . . 1 . . . . . . . . Hunter 37 | . . . . . 1 . . 1 1 . . 1 2 3 . . . 2 . 6 . . 8 12 Programmer 35 | . . . . . 2 . . . . . . . 4 . . . . 10 1 . . . 11 7 Compactor 3 | . . . . . . 3 . . . . . . . . . . . . . . . . . . Cetus Guard 3 | . . . . . . . . . . 3 . . . . . . . . . . . . . . Striker 1 | . . . . . . . . . . . . . . . . . . . . . . . . 1 Surgeon 1 | . . . . . . . . 1 . . . . . . . . . . . . . . . . Thug 2 | . . . . . . . . 1 . . 1 . . . . . . . . . . . . . Best Kill Streak 12 | 5 8 12 5 5 6 3 . 8 4 3 7 5 6 2 . 3 2 9 1 4 . 5 8 8 Combat Bots Only 9 | . 3 6 5 4 6 3 . 2 3 2 1 2 6 2 . 3 2 9 1 4 . 5 8 8 Max Kills in Single Turn 3 | 1 1 2 1 3 2 1 . 1 1 2 1 2 2 1 . 1 1 3 1 1 . 1 2 3 Gunslinging 1 | . . . . . . . . . . . . . 1 . . . . . . . . . . . Exploded 3 | . . 2 . 3 2 1 . . 1 2 . . 1 . . . 1 1 . . . . . . Melee 1 | . . . . . . . . . . . . . . . . . . 1 . . . . 1 . Uniques/NPCs Destroyed 1 | . . . . . . . . . . 1 . . . . . . . . . . . . . . A7 (-6/Cetus) Combat | -11 -10 -9 -9 -8 -7 -7 -7 -6 -6 -6 -6 -6 -5 -5 -5 -5 -4 -4 -4 -4 -4 -3 -3 -3 -------- Run | Scr Mat Mat Sto Mat Fac Was Fac Fac Ext Cet Arc Hub Fac Upp Upp War Pro Fac Upp Upp Zhi Pro Res Tes Damage Taken 39211 | . 1103 1543 689 1573 2692 312 86 521 601 284 21 2912 1734 259 . 343 440 6308 102 1239 . 1211 6862 8376 Core 3528 | . 217 276 95 104 363 65 5 71 88 32 . 128 162 21 . . 22 411 . 25 . 127 678 638 Absorbed by Shields 438 | . . . . . . . . . 97 134 . . . . . 58 . . . . . . 149 . Reduced by Siege Mode 345 | . . . . . . . . . . . . . . . . . . 113 . . . . . 232 Core Remaining (%) 53 | 100 13 . 7 81 . . 38 . . . . 62 . . . . 79 . . . . 51 . . Volleys Fired 1444 | 10 119 143 48 96 132 30 2 56 57 57 49 41 54 10 . 9 12 140 5 23 7 45 144 155 Largest 3 | 2 2 2 2 2 2 2 2 2 2 2 2 2 2 1 . 2 2 3 3 3 2 3 3 3 Hottest 257 | 40 100 91 113 128 134 113 117 122 171 159 104 171 70 81 . 156 156 227 121 257 196 257 183 235 Shots Fired 2767 | 20 219 271 93 181 245 40 3 107 96 59 65 71 96 11 . 13 21 294 11 58 14 87 344 348 Gun 1288 | 20 202 21 32 110 80 . . 22 40 47 49 21 84 1 . . . 65 6 4 . 12 250 222 Cannon 1413 | . 11 248 61 65 160 21 3 85 52 4 16 50 . 10 . 9 21 229 5 54 14 75 94 126 Launcher 60 | . . 2 . 6 5 19 . . 4 8 . . 12 . . 4 . . . . . . . . Special 6 | . 6 . . . . . . . . . . . . . . . . . . . . . . . Kinetic 1676 | 20 208 220 43 44 72 10 2 56 4 47 49 17 76 1 . . . 195 11 24 . 40 282 255 Thermal 516 | . 11 . 17 68 134 11 . 22 64 2 . 54 8 . . . . 30 . 34 14 47 . . Explosive 32 | . . 2 . 6 5 19 . . . . . . . . . . . . . . . . . . Electromagnetic 543 | . . 49 33 63 34 . 1 29 28 10 16 . 12 10 . 13 21 69 . . . . 62 93 Robot Hit Streak 41 | 6 9 17 9 16 24 14 3 12 25 14 18 9 15 7 . 11 13 41 2 8 10 7 14 19 Robot Miss Streak 7 | 1 4 4 5 3 6 1 2 5 2 2 3 2 2 1 . 1 1 6 1 3 1 3 4 7 Penetration Max 2 | . . . . . . . . . . 1 1 . 1 . . . . 2 . . . . 1 1 Secondary Targets 8 | . 1 . . . . . . . . . . . 3 . . . . 2 . . . . 2 . Max Gunslinging Chain 1 | . 1 . . . . . . . . . . . 1 . . . . 1 . . . . 1 . Capacitor 32 | . . . . . . . . . . . . . . . . . . . . . . . 20 12 Shots Hit Robots 1783 | 13 132 158 55 138 157 25 1 79 73 45 52 35 65 9 . 8 14 208 6 30 12 28 209 231 Core Hits 890 | 6 46 79 29 86 70 9 . 54 41 33 22 31 57 5 . 7 8 84 2 15 2 8 98 98 Critical Hits 153 | 1 2 5 2 6 4 . . 1 1 7 13 . 17 . . . . 22 . . . 6 31 35 Critical Kills 61 | 1 . 1 2 3 3 . . . . . 3 . 12 . . . . 13 . . . 3 9 11 Critical Parts Destroyed 80 | . 2 3 . 3 1 . . 1 1 5 10 . 5 . . . . 9 . . . 2 19 19 Melee Attacks 102 | . . . 6 3 . 8 . . . . . . 2 6 . 4 16 24 . . . . 33 . Impact . | . . . . . . . . . . . . . . . . . . . . . . . . . Slashing 49 | . . . 6 3 . 8 . . . . . . 2 6 . 4 16 4 . . . . . . Piercing 53 | . . . . . . . . . . . . . . . . . . 20 . . . . 33 . Sneak Attacks 4 | . . . . . . . . . . . . . . . . 1 . 2 . . . . 1 . Combat Hostiles . | . . . . . . . . . . . . . . . . . . . . . . . . . Follow-up Attacks . | . . . . . . . . . . . . . . . . . . . . . . . . . Damage Inflicted 55764 | 147 1666 3327 991 3397 4449 2708 67 2446 2399 2322 1460 2015 3054 332 . 508 576 7610 188 1010 551 801 6306 7434 Guns 19022 | 147 1506 143 294 1318 1062 . . 486 809 1184 1012 338 1818 . . . . 725 150 53 . 209 3760 4008 Cannons 27161 | . 160 2882 697 991 2806 512 67 1957 1207 113 448 774 . 332 . 168 431 6206 38 957 551 592 1846 3426 Explosions 8409 | . . 293 . 1088 581 2196 . 3 383 1025 . 880 1236 . . 250 145 277 . . . . 52 . Melee 1140 | . . . . . . . . . . . . . . . . 90 . 402 . . . . 648 . Ramming 32 | . . 9 . . . . . . . . . 23 . . . . . . . . . . . . Kinetic 26846 | 147 1596 2189 451 466 1109 276 43 1167 159 1184 1012 189 1722 . . . . 4061 188 254 . 699 4380 5554 Thermal 9724 | . 70 47 186 1336 2001 236 . 489 1306 508 . 923 138 . . 53 145 877 . 756 551 102 . . Explosive 4024 | . . 246 . 793 555 2196 . . . . . . 182 . . . . . . . . . 52 . Electromagnetic 13998 | . . 836 354 802 784 . 24 790 934 630 448 880 1012 332 . 365 431 2270 . . . . 1226 1880 Impact . | . . . . . . . . . . . . . . . . . . . . . . . . . Slashing 120 | . . . . . . . . . . . . . . . . 90 . 30 . . . . . . Piercing 1020 | . . . . . . . . . . . . . . . . . . 372 . . . . 648 . Highest Corruption 40 | . 2 . . . 2 2 2 . 2 2 2 31 6 6 1 6 . 10 10 6 . . 14 40 Average Corruption 5 | . 1 . . . 1 2 2 . 1 2 1 15 5 4 1 2 . 2 7 4 . . 11 19 Corruption Purged 35 | . . . . . . . . . . . 2 . . 5 1 . . 2 4 6 . . 14 1 Effects 449 | . 8 . . . 11 8 5 . 9 8 5 5 27 15 1 . . 44 12 10 . . 124 157 Message Errors 84 | . 1 . . . 2 1 2 . 4 5 2 3 2 4 1 . . 11 5 2 . . 24 15 Matter Fused 57 | . . . . . . . . . . . . . 10 5 . . . 3 4 3 . . 16 16 Heat Flow Errors 28 | . 2 . . . 1 3 1 . 3 . . . 2 1 . . . 2 . . . . 6 7 Energy Discharges 40 | . 2 . . . 4 3 1 . 1 1 1 . 2 2 . . . 7 1 3 . . 7 5 Parts Rejected 3 | . . . . . . . . . . . . . 1 . . . . 1 . . . . 1 . Data Loss (minor) 27 | . 1 . . . 1 1 1 . . . 2 . 5 2 . . . 3 2 1 . . 4 4 Data Loss (major) 13 | . . . . . . . . . . . . . . . . . . 5 . . . . 3 5 Misfires 13 | . . . . . . . . . . . . . 1 1 . . . 1 . . . . 6 4 Alerts 4 | . . . . . . . . . . . . . . . . . . . . . . . 1 3 Misdirections 17 | . . . . . . . . . . . . 1 . . . . . . . . . . 7 9 Targeting Errors 139 | . 1 . . . 2 . . . . 2 . 1 4 . . . . 10 . 1 . . 41 77 Weapon Failures 24 | . 1 . . . 1 . . . 1 . . . . . . . . 1 . . . . 8 12 Overload Shots . | . . . . . . . . . . . . . . . . . . . . . . . . . Overflow Damage 1203 | . . 47 . 51 152 5 . 86 38 5 72 10 40 2 . . . 407 30 27 28 17 109 77 Projectiles 950 | . . 15 . 20 124 . . 86 38 . 72 10 . 2 . . . 308 30 27 28 17 96 77 Explosions 169 | . . 32 . 31 28 5 . . . 5 . . 40 . . . . 15 . . . . 13 . Melee 84 | . . . . . . . . . . . . . . . . . . 84 . . . . . . Knockbacks 92 | . 1 13 4 . 3 . . 8 1 . . 2 . . . . . 25 1 . . 1 15 18 Impact . | . . . . . . . . . . . . . . . . . . . . . . . . . Kinetic 87 | . 1 13 4 . 3 . . 8 1 . . 2 . . . . . 24 1 . . 1 14 15 Secondary 5 | . . . . . . . . . . . . . . . . . . 1 . . . . 1 3 Self-Inflicted Damage 851 | . . 107 . 59 67 151 . 16 5 . . 281 . . . . . . . . . . 165 . Shots 18 | . . 2 . 2 2 5 . 1 1 . . 3 . . . . . . . . . . 2 . Rammed 4 | . . 1 . . . . . . . . . 3 . . . . . . . . . . . . Targets Rammed 4 | . . 1 . . . . . . . . . 3 . . . . . . . . . . . . Kicked . | . . . . . . . . . . . . . . . . . . . . . . . . . Crushed . | . . . . . . . . . . . . . . . . . . . . . . . . . Highest Temperature 432 | . 192 270 315 260 339 263 59 44 320 76 44 256 136 280 . 264 210 354 280 432 199 279 272 331 Average Temperature 87 | . 64 47 104 78 67 96 20 13 89 49 18 80 39 143 . 114 70 108 117 116 125 93 70 107 Received Heat Transfer 5109 | . 618 519 282 765 771 . 9 99 131 43 . 15 207 . . . 117 915 . . . 120 102 396 Effects 12 | . . . . 2 1 . . . . . . . . . . . . 3 1 2 . 3 . . Shutdowns 2 | . . . . . . . . . . . . . . . . . . 1 . 1 . . . . Energy Bleed 5 | . . . . 2 . . . . . . . . . . . . . 1 1 . . 1 . . Interference 2 | . . . . . . . . . . . . . . . . . . . . . . 2 . . Matter Decay 2 | . . . . . 1 . . . . . . . . . . . . 1 . . . . . . Short Circuit 1 | . . . . . . . . . . . . . . . . . . . . 1 . . . . Siege Activations 7 | . . . . . . . . . . . . . . . . . . 3 . . . . . 4 Total Turns 183 | . . . . . . . . . . . . . . . . . . 85 . . . . . 98 Longest Duration 56 | . . . . . . . . . . . . . . . . . . 40 . . . . . 56 Robots Corrupted 31 | . . . . 2 1 . . . . 1 . 2 3 1 . 2 1 6 . . . . 5 7 Combat Hostiles 28 | . . . . 1 1 . . . . 1 . 2 3 1 . 2 1 5 . . . . 4 7 Parts Fried 114 | . . 5 . 6 6 . . 5 7 2 5 8 14 4 . 5 2 11 . . . . 17 17 Impact Corruptions 1 | . . . . . . . . . . . . . . . . . . 1 . . . . . . Robots Melted . | . . . . . . . . . . . . . . . . . . . . . . . . . Combat Hostiles . | . . . . . . . . . . . . . . . . . . . . . . . . . Parts Melted 14 | . . . 1 1 1 . . . . . . 4 . . . . . 5 . 2 . . . . Heat Transferred 13544 | . 148 50 333 2340 3417 333 . 460 1846 450 . 1405 250 . . 25 100 981 . 814 481 111 . . Parts Sabotaged . | . . . . . . . . . . . . . . . . . . . . . . . . . Parts Stolen . | . . . . . . . . . . . . . . . . . . . . . . . . . Parts Stripped . | . . . . . . . . . . . . . . . . . . . . . . . . . Power Chain Reactions 16 | . . 1 . 5 2 . . 1 . 2 . 1 1 . . 1 1 1 . . . . . . Missiles Intercepted . | . . . . . . . . . . . . . . . . . . . . . . . . . Alert | -11 -10 -9 -9 -8 -7 -7 -7 -6 -6 -6 -6 -6 -5 -5 -5 -5 -4 -4 -4 -4 -4 -3 -3 -3 ------- Run | Scr Mat Mat Sto Mat Fac Was Fac Fac Ext Cet Arc Hub Fac Upp Upp War Pro Fac Upp Upp Zhi Pro Res Tes Peak Influence 1195 | 25 214 748 424 612 1062 405 659 874 1082 1195 782 1069 1156 . . . . 1106 . . . . 511 702 Average Influence 441 | 7 90 430 317 352 653 275 449 579 539 950 681 667 843 . . . . 322 . . . . 150 504 Maximum Alert Level 4 | . 1 3 2 2 3 2 2 3 3 4 3 3 4 . . . . 4 . . . . 2 3 Low Security (%) 27 | 100 99 20 . 9 . 46 29 . . . . . . . . . . 55 . . . . 73 . Level 1 16 | . . 10 95 53 7 51 1 16 11 . . 3 . . . . . 8 . . . . 21 9 Level 2 38 | . . 66 4 37 63 2 69 61 66 6 50 63 25 . . . . 19 . . . . 5 89 Level 3 15 | . . 2 . . 28 . . 22 21 58 49 32 63 . . . . 15 . . . . . . Level 4 1 | . . . . . . . . . . 35 . . 11 . . . . 1 . . . . . . Level 5 . | . . . . . . . . . . . . . . . . . . . . . . . . . High Security . | . . . . . . . . . . . . . . . . . . . . . . . . . Max Security . | . . . . . . . . . . . . . . . . . . . . . . . . . Squads Dispatched 86 | . 3 5 3 7 10 . 3 6 5 1 . 5 6 . . . . 14 . . . . 7 11 Investigation 25 | . 1 3 . 2 7 . 1 2 3 1 . 1 1 . . . . 2 . . . . 1 . Extermination 16 | . . . . . 2 . . 1 . . . . 2 . . . . 4 . . . . 4 3 Reinforcement 28 | . 2 1 3 4 . . 1 3 1 . . 4 1 . . . . 2 . . . . 2 4 Assault 10 | . . 1 . 1 1 . . . 1 . . . 2 . . . . 3 . . . . . 1 Garrison 7 | . . . . . . . 1 . . . . . . . . . . 3 . . . . . 3 Intercept . | . . . . . . . . . . . . . . . . . . . . . . . . . Construction Impeded 6 | . . . . 1 . . . 2 . . . 1 . . . . . . . . . . 1 1 Haulers Reinforced 3 | . . . . . . . . 1 . . . . . . . . . 1 . . . . . 1 Stealth | -11 -10 -9 -9 -8 -7 -7 -7 -6 -6 -6 -6 -6 -5 -5 -5 -5 -4 -4 -4 -4 -4 -3 -3 -3 --------- Run | Scr Mat Mat Sto Mat Fac Was Fac Fac Ext Cet Arc Hub Fac Upp Upp War Pro Fac Upp Upp Zhi Pro Res Tes Distress Signals 31 | . 4 3 . 4 1 . . 2 1 2 . 3 1 . . . . 5 . . . . 2 3 Communications Jammed . | . . . . . . . . . . . . . . . . . . . . . . . . . Distress Signals . | . . . . . . . . . . . . . . . . . . . . . . . . . Times Spotted 613 | . 30 65 22 54 50 6 8 31 42 15 23 31 25 3 . 3 5 81 1 6 . 7 43 62 Peak Tracking Total 15 | . 3 7 5 5 4 3 3 4 6 5 2 15 6 2 . 3 4 10 1 4 . 5 6 6 Tactical Retreats 40 | . 3 6 2 . 3 . . 1 2 . . . . . . . 1 12 . . . 1 6 3 Traps | -11 -10 -9 -9 -8 -7 -7 -7 -6 -6 -6 -6 -6 -5 -5 -5 -5 -4 -4 -4 -4 -4 -3 -3 -3 ------- Run | Scr Mat Mat Sto Mat Fac Was Fac Fac Ext Cet Arc Hub Fac Upp Upp War Pro Fac Upp Upp Zhi Pro Res Tes Traps Triggered 18 | . 2 . . 1 3 . . . 6 . . 1 2 . . . . 2 . . . . 1 . Indirectly 4 | . . . . . . . . . 3 . . 1 . . . . . . . . . . . . Trap Hack Attempts . | . . . . . . . . . . . . . . . . . . . . . . . . . Triggered . | . . . . . . . . . . . . . . . . . . . . . . . . . Disarmed . | . . . . . . . . . . . . . . . . . . . . . . . . . Reprogrammed . | . . . . . . . . . . . . . . . . . . . . . . . . . Reused . | . . . . . . . . . . . . . . . . . . . . . . . . . Traps Extracted . | . . . . . . . . . . . . . . . . . . . . . . . . . Installed . | . . . . . . . . . . . . . . . . . . . . . . . . . Triggered 6 | . . . . . . . . . . . . . . 1 . 4 . . . . . 1 . . Machines | -11 -10 -9 -9 -8 -7 -7 -7 -6 -6 -6 -6 -6 -5 -5 -5 -5 -4 -4 -4 -4 -4 -3 -3 -3 ---------- Run | Scr Mat Mat Sto Mat Fac Was Fac Fac Ext Cet Arc Hub Fac Upp Upp War Pro Fac Upp Upp Zhi Pro Res Tes Machines Disabled 82 | . 2 6 2 . 2 . 6 1 5 . 4 18 13 . . 1 . 9 . . . . 6 7 Max in Single Turn 8 | . 1 1 1 . 1 . . . 1 . 1 8 2 . . 1 . 4 . . . . 1 1 Garrison Access 8 | . . . . . 2 . 1 . . . . 1 . . . . . 2 . . . . 1 1 Network Hub 3 | . . . . . . . . . . . . 3 . . . . . . . . . . . . Machines Sabotaged . | . . . . . . . . . . . . . . . . . . . . . . . . . Garrisons Compromised . | . . . . . . . . . . . . . . . . . . . . . . . . . Overloaded Fab Kills . | . . . . . . . . . . . . . . . . . . . . . . . . . Fab Network Shutdowns 1 | . . . . . . . . . . . . . 1 . . . . . . . . . . . Hacking | -11 -10 -9 -9 -8 -7 -7 -7 -6 -6 -6 -6 -6 -5 -5 -5 -5 -4 -4 -4 -4 -4 -3 -3 -3 --------- Run | Scr Mat Mat Sto Mat Fac Was Fac Fac Ext Cet Arc Hub Fac Upp Upp War Pro Fac Upp Upp Zhi Pro Res Tes Machines Accessed 102 | . 6 11 6 5 9 . 2 2 13 4 . 6 7 1 . 6 . 8 1 1 4 . 7 3 Terminals 58 | . 5 8 5 3 4 . . 2 11 4 . 5 2 . . . . 5 . . . . 3 1 Fabricators 5 | . . . . . . . 1 . . . . . 2 . . . . . . . . . 1 1 Repair Stations 8 | . . 1 1 1 1 . . . . . . . 1 . . . . 1 . . . . 2 . Recycling Units 9 | . 1 2 . 1 2 . . . 2 . . . 1 . . . . . . . . . . . Scanalyzers 1 | . . . . . . . . . . . . . 1 . . . . . . . . . . . Garrison Access 8 | . . . . . 2 . 1 . . . . 1 . . . . . 2 . . . . 1 1 Total Hacks 375 | . 25 30 24 14 22 . 3 6 41 10 . 17 54 1 . 15 . 60 1 1 17 . 23 11 Successful 196 | . 14 15 12 11 10 . 2 2 18 5 . 7 27 1 . 15 . 21 1 1 17 . 12 5 Failed 178 | . 11 15 12 3 12 . 1 4 23 4 . 10 27 . . . . 39 . . . . 11 6 Catastrophic 26 | . 1 6 . 1 2 . . 2 3 1 . 1 2 . . . . 4 . . . . 3 . Database Lockouts 2 | . . . . . . . . . . 2 . . . . . . . . . . . . . . Manual 133 | . 13 14 15 7 4 . 3 3 13 10 . 8 9 . . . . 25 . . . . 6 3 Terminals 231 | . 21 22 21 10 9 . . 6 37 10 . 15 19 . . . . 45 . . . . 13 3 Fabricators 18 | . . . . . . . 2 . . . . . 8 . . . . . . . . . 3 5 Repair Stations 33 | . . 4 3 2 1 . . . . . . . 7 . . . . 11 . . . . 5 . Recycling Units 24 | . 4 4 . 2 7 . . . 4 . . . 3 . . . . . . . . . . . Scanalyzers 17 | . . . . . . . . . . . . . 17 . . . . . . . . . . . Garrison Access 17 | . . . . . 5 . 1 . . . . 2 . . . . . 4 . . . . 2 3 Terminal Hacks 102 | . 7 7 8 5 3 . . 2 12 3 . 4 4 1 . 15 . 7 1 1 17 . 4 1 Record 19 | . . . . . . . . . . . . . . . . 14 . . . . 5 . . . Part Schematic 7 | . . . 1 . . . . . 1 1 . . . . . . . . . . 4 . . . Robot Schematic 1 | . . . . . . . . . 1 . . . . . . . . . . . . . . . Robot Analysis 5 | . . 1 . . . . . . . . . . . . . . . . . . 4 . . . Prototype ID Bank 8 | . . 1 1 1 . . . . 1 . . . . . . . . . . . 4 . . . Open Door 14 | . . . 2 . . . . . 7 1 . . . 1 . 1 . . 1 1 . . . . Level Access Points 1 | . . . . . . . . . . . . . . . . . . 1 . . . . . . Branch Access Points 5 | . . 1 . . . . . 1 . . . . 1 . . . . 1 . . . . 1 . Terminal Index 3 | . 2 . 1 . . . . . . . . . . . . . . . . . . . . . Alert Level 1 | . . . . . . . . . . . . 1 . . . . . . . . . . . . Unreport Threat 10 | . . 2 1 . 1 . . 1 1 . . 2 2 . . . . . . . . . . . Locate Traps 8 | . 1 . 1 . 2 . . . 1 . . 1 1 . . . . . . . . . 1 . Transport Status 1 | . . . . 1 . . . . . . . . . . . . . . . . . . . . Recall Investigation 1 | . . . . . . . . . . 1 . . . . . . . . . . . . . . Recall Extermination 1 | . . . . . . . . . . . . . . . . . . . . . . . 1 . Recall Reinforcements 2 | . . . . . . . . . . . . . . . . . . 1 . . . . . 1 Recall Assault 1 | . . . . . . . . . . . . . . . . . . 1 . . . . . . Hauler Manifests 3 | . 1 . . 1 . . . . . . . . . . . . . 1 . . . . . . Registered Components 1 | . . . . . . . . . . . . . . . . . . 1 . . . . . . Registered Prototypes 1 | . . . . . . . . . . . . . . . . . . 1 . . . . . . Zone Layout 9 | . 3 2 1 2 . . . . . . . . . . . . . . . . . . 1 . Fabricator Hacks 7 | . . . . . . . . . . . . . 4 . . . . . . . . . 1 2 Load Schematic 2 | . . . . . . . . . . . . . 1 . . . . . . . . . . 1 Build 5 | . . . . . . . . . . . . . 3 . . . . . . . . . 1 1 Repair Station Hacks 22 | . . 4 1 2 . . . . . . . . 4 . . . . 7 . . . . 4 . Scan Component 12 | . . 2 1 1 . . . . . . . . 2 . . . . 4 . . . . 2 . Repair 10 | . . 2 . 1 . . . . . . . . 2 . . . . 3 . . . . 2 . Recycling Unit Hacks 8 | . 1 . . 1 3 . . . 3 . . . . . . . . . . . . . . . Retrieve Matter 1 | . . . . . 1 . . . . . . . . . . . . . . . . . . . Retrieve Components 7 | . 1 . . 1 2 . . . 3 . . . . . . . . . . . . . . . Scanalyzer 14 | . . . . . . . . . . . . . 14 . . . . . . . . . . . Insert Component 5 | . . . . . . . . . . . . . 5 . . . . . . . . . . . Analyze 9 | . . . . . . . . . . . . . 9 . . . . . . . . . . . Garrison Access Hacks 3 | . . . . . . . . . . . . . . . . . . 1 . . . . 1 1 Seal Access 3 | . . . . . . . . . . . . . . . . . . 1 . . . . 1 1 Unauthorized Hacks 40 | . 6 4 3 3 4 . 2 . 3 2 . 3 1 . . . . 6 . . . . 2 1 Terminals 27 | . 6 2 3 2 . . . . 3 2 . 2 . . . . . 5 . . . . 1 1 Track 15 | . 2 2 3 1 . . . . 1 . . 2 . . . . . 2 . . . . 1 1 Assimilate 3 | . 1 . . 1 . . . . . . . . . . . . . 1 . . . . . . Botnet 7 | . 2 . . . . . . . 2 2 . . . . . . . 1 . . . . . . Disrupt 1 | . . . . . . . . . . . . . . . . . . 1 . . . . . . Operators 1 | . 1 . . . . . . . . . . . . . . . . . . . . . . . Fabricators 2 | . . . . . . . 1 . . . . . . . . . . . . . . . 1 . Prioritize 1 | . . . . . . . . . . . . . . . . . . . . . . . 1 . Haulers 1 | . . . . . . . 1 . . . . . . . . . . . . . . . . . Repair Stations . | . . . . . . . . . . . . . . . . . . . . . . . . . Recycling Units 6 | . . 2 . 1 2 . . . . . . . 1 . . . . . . . . . . . Tunnel 6 | . . 2 . 1 2 . . . . . . . 1 . . . . . . . . . . . Scanalyzers . | . . . . . . . . . . . . . . . . . . . . . . . . . Garrison Access 5 | . . . . . 2 . 1 . . . . 1 . . . . . 1 . . . . . . Jam 5 | . . . . . 2 . 1 . . . . 1 . . . . . 1 . . . . . . Data Cores Recovered 2 | . . . . 1 . . . . 1 . . . . . . . . . . . . . . . Used 1 | . . . . . . . . . 1 . . . . . . . . . . . . . . . Hacking Detections 74 | . 6 11 6 3 8 . 1 2 11 3 . 6 5 . . . . 5 . . . . 4 3 Full Trace Events 10 | . 2 1 . . 1 . . 2 3 . . . . . . . . 1 . . . . . . Feedback Events 1 | . . . . . 1 . . . . . . . . . . . . . . . . . . . Corruption 1 | . . . . . 1 . . . . . . . . . . . . . . . . . . . Feedback Blocked . | . . . . . . . . . . . . . . . . . . . . . . . . . Robot Schematics Acquired 1 | . . . . . . . . . 1 . . . . . . . . . . . . . . . Robots Built . | . . . . . . . . . . . . . . . . . . . . . . . . . Matter . | . . . . . . . . . . . . . . . . . . . . . . . . . Time . | . . . . . . . . . . . . . . . . . . . . . . . . . Total Robot Build Rating . | . . . . . . . . . . . . . . . . . . . . . . . . . Part Schematics Acquired 11 | . . . 1 . . . . . 1 1 . . 4 . . . . . . . 4 . . . Parts Built 6 | . . . . . . . . . . . . . 4 . . . . . . . . . 1 1 Matter 1130 | . . . . . . . . . . . . . 468 . . . . . . . . . 278 384 Time 253 | . . . . . . . . . . . . . 116 . . . . . . . . . 69 68 Total Part Build Rating 45 | . . . . . . . . . . . . . 28 . . . . . . . . . 9 8 Parts Repaired 9 | . . 2 . 1 . . . . . . . . 2 . . . . 3 . . . . 1 . Time 701 | . . 58 . 51 . . . . . . . . 186 . . . . 288 . . . . 118 . Parts Recycled . | . . . . . . . . . . . . . . . . . . . . . . . . . Recycled Matter . | . . . . . . . . . . . . . . . . . . . . . . . . . Retrieved Matter . | . . . . . . . . . . . . . . . . . . . . . . . . . Retrieved Components 49 | . 10 . . 9 14 . . . 16 . . . . . . . . . . . . . . . Parts Scanalyzed 4 | . . . . . . . . . . . . . 4 . . . . . . . . . . . Part Schematics Acquired 4 | . . . . . . . . . . . . . 4 . . . . . . . . . . . Parts Damaged 1 | . . . . . . . . . . . . . 1 . . . . . . . . . . . Bothacking | -11 -10 -9 -9 -8 -7 -7 -7 -6 -6 -6 -6 -6 -5 -5 -5 -5 -4 -4 -4 -4 -4 -3 -3 -3 ------------ Run | Scr Mat Mat Sto Mat Fac Was Fac Fac Ext Cet Arc Hub Fac Upp Upp War Pro Fac Upp Upp Zhi Pro Res Tes Used RIF Installer . | . . . . . . . . . . . . . . . . . . . . . . . . . Robots Hacked . | . . . . . . . . . . . . . . . . . . . . . . . . . Non-combat . | . . . . . . . . . . . . . . . . . . . . . . . . . Combat . | . . . . . . . . . . . . . . . . . . . . . . . . . Robot Hacks Applied . | . . . . . . . . . . . . . . . . . . . . . . . . . Relay Couplers Released 1 | . . . . . . . . . . . . . . . . . . 1 . . . . . . Machine Destruction 1 | . . . . . . . . . . . . . . . . . . 1 . . . . . . Robots Rewired 14 | . . . . . . . . . 10 . . . . . . 3 . . . . . . 1 . Allies Hacked . | . . . . . . . . . . . . . . . . . . . . . . . . . Hacks Repelled . | . . . . . . . . . . . . . . . . . . . . . . . . . Allies | -11 -10 -9 -9 -8 -7 -7 -7 -6 -6 -6 -6 -6 -5 -5 -5 -5 -4 -4 -4 -4 -4 -3 -3 -3 -------- Run | Scr Mat Mat Sto Mat Fac Was Fac Fac Ext Cet Arc Hub Fac Upp Upp War Pro Fac Upp Upp Zhi Pro Res Tes Total Allies 49 | . . . . 1 . 18 . . 20 5 . . . . . 3 . 1 . . . . 1 . Largest Group 18 | . . . . 1 . 18 18 13 9 13 5 4 . . . 3 1 1 . . . . 1 . Highest-Rated Group 833 | . . . . 10 . 456 456 341 405 833 407 362 . . . 155 49 26 . . . . 64 . Highest-Rated Ally 156 | . . . . 10 . 35 35 35 156 156 94 94 . . . 60 49 26 . . . . 64 . Total Orders 15 | . . . . 2 . . . . . 3 2 4 . . . . 1 . . 1 . . . 2 STAY 1 | . . . . . . . . . . . . 1 . . . . . . . . . . . . GOTO 7 | . . . . 1 . . . . . 2 1 2 . . . . 1 . . . . . . . FOLLOW 4 | . . . . 1 . . . . . 1 1 1 . . . . . . . . . . . . EXPLORE 3 | . . . . . . . . . . . . . . . . . . . . 1 . . . 2 Ally Attacks 541 | . . . . . . 18 68 129 194 65 14 44 . . . 8 . . . . . . 1 . Total Damage 12211 | . . . . . . 718 1349 2492 3910 1450 486 1544 . . . 214 . . . . . . 48 . Kills 92 | . . . . . . 3 11 21 27 13 3 14 . . . . . . . . . . . . Allies Corrupted . | . . . . . . . . . . . . . . . . . . . . . . . . . Allies Melted 1 | . . . . . . . . 1 . . . . . . . . . . . . . . . . Intel | -11 -10 -9 -9 -8 -7 -7 -7 -6 -6 -6 -6 -6 -5 -5 -5 -5 -4 -4 -4 -4 -4 -3 -3 -3 ------- Run | Scr Mat Mat Sto Mat Fac Was Fac Fac Ext Cet Arc Hub Fac Upp Upp War Pro Fac Upp Upp Zhi Pro Res Tes Robot Analysis Total 5 | . . 1 . . . . . . . . . . . . . . . . . . 4 . . . Derelict Logs Recovered 8 | . . . . . . . . . . . . . . 1 2 . 2 . . 3 . . . . Drone Launches 5 | . . . . . . . . . . . . . . . . . . . . 2 . . . 3 Drone Recoveries . | . . . . . . . . . . . . . . . . . . . . . . . . . Exploration | -11 -10 -9 -9 -8 -7 -7 -7 -6 -6 -6 -6 -6 -5 -5 -5 -5 -4 -4 -4 -4 -4 -3 -3 -3 ------------- Run | Scr Mat Mat Sto Mat Fac Was Fac Fac Ext Cet Arc Hub Fac Upp Upp War Pro Fac Upp Upp Zhi Pro Res Tes Turns Passed 27686 | 79 1411 2536 940 1544 2377 743 556 692 1187 482 604 838 1577 878 464 631 794 2949 384 691 273 1164 2497 1395 Spaces Moved 13340 | 41 679 1028 349 603 1075 472 408 407 651 242 138 472 908 453 294 369 424 1434 297 450 172 496 1014 464 Core 2 | 2 . . . . . . . . . . . . . . . . . . . . . . . . Treads 1699 | 1 4 660 349 377 . . . . . . . 13 25 . . . . 122 . . . . . 148 Legs 3034 | . . . . 226 1025 85 . . . . . . . . . . . . . . 55 496 831 316 Wheels 8605 | 38 675 368 . . 50 387 408 407 651 242 138 459 883 453 294 369 424 1312 297 450 117 . 183 . Hover . | . . . . . . . . . . . . . . . . . . . . . . . . . Flight . | . . . . . . . . . . . . . . . . . . . . . . . . . Fastest Speed 50 | 50 90 150 200 180 130 110 130 130 130 130 130 130 140 140 140 140 140 110 120 120 120 150 150 120 Average Speed 150 | 85 136 191 200 183 175 132 130 130 130 138 135 140 140 140 140 140 141 144 120 120 131 150 162 157 Slowest Speed 270 | 160 220 240 240 270 210 180 130 130 130 140 140 180 160 140 140 150 150 180 120 120 190 150 240 210 Overloaded Moves . | . . . . . . . . . . . . . . . . . . . . . . . . . Propulsion Burnouts . | . . . . . . . . . . . . . . . . . . . . . . . . . Robots Hopped . | . . . . . . . . . . . . . . . . . . . . . . . . . Cave-ins Triggered . | . . . . . . . . . . . . . . . . . . . . . . . . . Exploration Rate (%) 51 | 3 92 77 50 50 36 97 9 12 82 77 80 44 23 67 51 62 62 27 44 69 60 60 22 25 Regions Visited 24 Branch Regions 14 Pre-discovered Areas 11 | . . 2 . 1 2 . . . . . . . 1 . . . . . . 2 3 . . . Known Exits Taken 6 | . . 1 . . . . . 1 . . . . 1 . . . . 1 . . . 1 1 . Unknown Exits Taken 16 | 1 1 . 1 1 . . 1 . 1 1 1 1 . 1 1 1 1 . 1 1 1 . . . Scrap Searched 10 | . . . . . . . . . . . . . . 1 2 . . . 1 5 . 1 . . Spaces Dug 123 | . 1 . 3 3 2 8 . . . . . 3 6 6 . 3 16 23 . 2 . 30 13 4 Terrain Destroyed 1216 | . 1 49 17 66 44 76 1 21 4 36 14 506 22 6 . 16 23 67 5 28 . 56 116 42 Melee 57 | . . . 3 3 . 8 . . . . . . 2 6 . 3 16 14 . . . . 2 . Projectile 322 | . 1 . . 1 12 1 1 15 4 19 14 11 20 . . . . 50 5 28 . 56 42 42 AOE 837 | . . 49 14 62 32 67 . 6 . 17 . 495 . . . 13 7 3 . . . . 72 . Actions | -11 -10 -9 -9 -8 -7 -7 -7 -6 -6 -6 -6 -6 -5 -5 -5 -5 -4 -4 -4 -4 -4 -3 -3 -3 --------- Run | Scr Mat Mat Sto Mat Fac Was Fac Fac Ext Cet Arc Hub Fac Upp Upp War Pro Fac Upp Upp Zhi Pro Res Tes Total 18285 | 61 927 1322 497 869 1336 555 431 491 916 345 499 584 1121 672 346 458 572 2008 315 554 206 838 1532 830 Wait 2066 | . 99 71 50 68 45 15 11 3 57 15 303 37 76 186 49 35 108 212 4 55 . 289 189 89 Move 13317 | 40 678 1027 348 602 1075 471 407 406 650 241 137 471 907 452 293 368 423 1433 296 449 171 495 1013 464 Hop . | . . . . . . . . . . . . . . . . . . . . . . . . . Pick Up 289 | 5 15 26 9 24 15 14 1 6 3 5 2 5 30 2 . 1 2 45 4 9 4 . 37 25 Fast Attach 161 | 6 2 10 4 10 11 6 2 5 4 5 2 3 7 . 1 1 1 24 2 . 8 . 29 18 Attach 167 | . 5 5 3 9 11 4 . 2 . 3 1 6 14 . . 2 1 31 . 1 2 5 31 31 Detach 19 | . . . 1 . . . . 1 . 2 . . . . . . . 4 . . . . 7 4 Swap 258 | . 6 18 11 24 17 4 4 . 10 7 1 7 13 14 1 4 7 48 2 8 2 4 20 26 Drop 292 | . 3 21 17 33 30 3 4 12 9 10 4 11 18 2 2 . 2 47 2 8 12 . 25 17 Fire 1444 | 10 119 143 48 96 132 30 2 56 57 57 49 41 54 10 . 9 12 140 5 23 7 45 144 155 Melee 102 | . . . 6 3 . 8 . . . . . . 2 6 . 4 16 24 . . . . 33 . Ram . | . . . . . . . . . . . . . . . . . . . . . . . . . Kick . | . . . . . . . . . . . . . . . . . . . . . . . . . Crush 4 | . . 1 . . . . . . . . . 3 . . . . . . . . . . . . Escape Stasis 24 | . . . . . . . . . 24 . . . . . . . . . . . . . . . Rewire 140 | . . . . . . . . . 102 . . . . . . 34 . . . . . . 4 . Trap . | . . . . . . . . . . . . . . . . . . . . . . . . . Miscellaneous 2 | . . . . . . . . . . . . . . . . . . . . 1 . . . 1 Route ------- -11/Scrapyard -10/Materials (discovered 4 exits: *Mat x3 / [*Min]) -9/Materials (discovered 5 exits: *Mat x2 / *Min / *Sto x2) -9/Storage -8/Materials -7/Factory -7/Waste -7/Factory -6/Factory (discovered 4 exits: Low x2 / *Ext x2) -6/Extension (discovered 2 exits: *Fac / *Cet) -6/Cetus (discovered 2 exits: *Fac / *Arc) -6/Archives (discovered 3 exits: *Fac / *Hub x2) -6/Hub_04(d) (discovered 2 exits: *Fac x2) -5/Factory (discovered 3 exits: *Fac / *Upp x2) -5/Upper Caves -5/Upper Caves (discovered 2 exits: *Fac / *War) -5/Warlord -4/Proximity Caves -4/Factory (discovered 6 exits: Res x4 / *Upp x2) -4/Upper Caves -4/Upper Caves (discovered 2 exits: *Res / *Zhi) -4/Zhirov -3/Proximity Caves -3/Research (discovered 4 exits: [*Res] / Arm / *Tes x2) -3/Testing History --------- Turn | Location | Event 22 | -11/Scrapyard | Discovered new exit (range 15) 80 | -11/Scrapyard | Entered Materials 126 | -10/Materials | Discovered new exit (range 14) 375 | -10/Materials | Discovered new exit (range 3) 441 | -10/Materials | Discovered new exit (range 16) 579 | -10/Materials | Build established: Hauler-Mutant 1099 | -10/Materials | Discovered new exit (range 16) 1130 | -10/Materials | Core integrity fell below 50% 1189 | -10/Materials | Core integrity fell below 20% 1213 | -10/Materials | Lost 4 parts (1p1n2w) 1491 | -10/Materials | Entered another Materials area 1491 | -9/Materials | Evolved 2 slots: Utility x2 1831 | -9/Materials | Discovered new exit (range 16) 1867 | -9/Materials | Discovered new exit (range 7) 2324 | -9/Materials | Repaired Lgt. EM Pulse Cannon 2351 | -9/Materials | Repaired Lgt. Cannon 2832 | -9/Materials | Discovered new exit (range 15) 2922 | -9/Materials | Core integrity fell below 50% 3009 | -9/Materials | Identified exit to Mines 3009 | -9/Materials | Identified exit to Storage 3455 | -9/Materials | Discovered new exit (range 12) 3491 | -9/Materials | First assault squad dispatched 4027 | -9/Materials | Entered Storage 4566 | -9/Storage | Core integrity fell below 20% 4781 | -9/Storage | Discovered new exit (range 15) 4967 | -9/Storage | Entered Materials 4967 | -8/Materials | Evolved 2 slots: Propulsion x1, Utility x1 5673 | -8/Materials | Repaired Adv. Beam Cannon 5826 | -8/Materials | Discovered new exit (range 14) 6167 | -8/Materials | First assault squad dispatched 6511 | -8/Materials | Entered Factory 6511 | -7/Factory | Evolved 2 slots: Utility x2 7773 | -7/Factory | Discovered new exit (range 15) 8511 | -7/Factory | First assault squad dispatched 8751 | -7/Factory | Core integrity fell below 50% 8888 | -7/Factory | Sucked down chute 8888 | -7/Factory | Entered Waste 8916 | -7/Waste | Spotted C-40 Crusher 8964 | -7/Waste | Spotted C-40 Crusher 8969 | -7/Waste | Spotted C-40 Crusher 8981 | -7/Waste | Destroyed C-40 Crusher 8981 | -7/Waste | Spotted C-40 Crusher 8993 | -7/Waste | Destroyed C-40 Crusher 9009 | -7/Waste | Destroyed C-40 Crusher 9095 | -7/Waste | Crushed by Compactor (1 part destroyed, 2 dropped) 9098 | -7/Waste | Crushed by Compactor (1 part destroyed, 2 dropped) 9101 | -7/Waste | Crushed by Compactor (1 part destroyed, 1 dropped) 9106 | -7/Waste | Crushed by Compactor (1 part destroyed) 9129 | -7/Waste | Spotted C-40 Crusher 9137 | -7/Waste | Lost 5 parts (2n1u2w) 9188 | -7/Waste | Spotted C-40 Crusher 9211 | -7/Waste | Warlord forces began an assault 9549 | -7/Waste | Discovered new exit (range 16) 9631 | -7/Waste | Entered Factory 9631 | -7/Factory | Accompanied by 18 allies 9702 | -7/Factory | Discovered new exit (range 14) 10187 | -7/Factory | Entered another Factory area 10187 | -6/Factory | Accompanied by 13 allies 10187 | -6/Factory | Evolved 2 slots: Propulsion x1, Utility x1 10442 | -6/Factory | Identified exit to Lower Caves 10442 | -6/Factory | Identified exit to Extension 10879 | -6/Factory | Entered Extension 10931 | -6/Extension | Rescued a captive Derelict 10939 | -6/Extension | Rescued a captive Derelict 11021 | -6/Extension | Rescued a captive Derelict 11320 | -6/Extension | Spotted B-75 Beast 11339 | -6/Extension | Allies destroyed B-75 Beast 11354 | -6/Extension | Spotted B-75 Beast 11362 | -6/Extension | Allies destroyed B-75 Beast 11511 | -6/Extension | Rescued A7 11643 | -6/Extension | Rescued a captive Derelict 11644 | -6/Extension | Rescued a captive Derelict 11691 | -6/Extension | Rescued a captive Derelict 11693 | -6/Extension | Build established: Scavenger-Mutant 11875 | -6/Extension | Rescued a captive Derelict 11875 | -6/Extension | Rescued a captive Derelict 11929 | -6/Extension | First assault squad dispatched 11984 | -6/Extension | Rescued a captive Derelict 11985 | -6/Extension | Rescued a captive Derelict 12041 | -6/Extension | Discovered new exit (range 10) 12045 | -6/Extension | Discovered new exit (range 6) 12066 | -6/Extension | Entered Cetus 12066 | -6/Cetus | Accompanied by 9 allies 12071 | -6/Cetus | Acquired a Cetus Manufacturing Module code from A7 12085 | -6/Cetus | Spotted Cetus Guard 12085 | -6/Cetus | Spotted Cetus Guard 12087 | -6/Cetus | Spotted Cetus Guard 12089 | -6/Cetus | Allies destroyed Cetus Guard 12091 | -6/Cetus | Spotted Cetus Guard 12093 | -6/Cetus | Allies destroyed Cetus Guard 12095 | -6/Cetus | Destroyed Cetus Guard 12099 | -6/Cetus | Allies destroyed Cetus Guard 12190 | -6/Cetus | Started Cetus Manufacturing Module 12215 | -6/Cetus | Manufactured an Enhanced Grunt 12218 | -6/Cetus | Central database locked down 12240 | -6/Cetus | Manufactured an Enhanced Grunt 12257 | -6/Cetus | Escorted A7 to Cetus Mainframe 12265 | -6/Cetus | Manufactured an Enhanced Grunt 12272 | -6/Cetus | Discovered new exit (range 15) 12290 | -6/Cetus | Manufactured an Enhanced Grunt 12304 | -6/Cetus | Spotted Cetus Guard 12304 | -6/Cetus | Spotted Cetus Guard 12310 | -6/Cetus | Spotted Cetus Guard 12310 | -6/Cetus | Spotted Cetus Guard 12314 | -6/Cetus | Allies destroyed Cetus Guard 12315 | -6/Cetus | Manufactured an Enhanced Grunt 12320 | -6/Cetus | Discovered new exit (range 15) 12322 | -6/Cetus | Destroyed Cetus Guard 12323 | -6/Cetus | Destroyed Cetus Guard 12323 | -6/Cetus | Allies destroyed Cetus Guard 12331 | -6/Cetus | Met Revision 17 12486 | -6/Cetus | Destroyed A7 12487 | -6/Cetus | Extracted ID and sensor layout for unrecognized location from A7's data core 12548 | -6/Cetus | Entered Archives 12548 | -6/Archives | Accompanied by 5 allies 12588 | -6/Archives | Unable to access archive contents 12604 | -6/Archives | Unable to access archive contents 12634 | -6/Archives | Discovered new exit (range 16) 12707 | -6/Archives | Discovered new exit (range 13) 13088 | -6/Archives | Discovered new exit (range 16) 13152 | -6/Archives | Entered Hub_04(d) 13152 | -6/Hub_04(d) | Accompanied by 4 allies 13186 | -6/Hub_04(d) | Discovered new exit (range 15) 13356 | -6/Hub_04(d) | Build established: Hauler-Mutant 13578 | -6/Hub_04(d) | Discovered new exit (range 15) 13920 | -6/Hub_04(d) | Network Hub disabled 13930 | -6/Hub_04(d) | Spotted Lightning 13937 | -6/Hub_04(d) | Spotted Lightning 13937 | -6/Hub_04(d) | Spotted Lightning 13939 | -6/Hub_04(d) | Spotted Lightning 13940 | -6/Hub_04(d) | Spotted Lightning 13940 | -6/Hub_04(d) | Spotted Lightning 13941 | -6/Hub_04(d) | Spotted Lightning 13942 | -6/Hub_04(d) | Spotted Lightning 13943 | -6/Hub_04(d) | Spotted Lightning 13946 | -6/Hub_04(d) | System corruption reached 10% 13975 | -6/Hub_04(d) | Network Hub disabled 13978 | -6/Hub_04(d) | Lost 3 parts (1p1u1w) 13983 | -6/Hub_04(d) | Spotted Lightning 13984 | -6/Hub_04(d) | Network Hub disabled 13984 | -6/Hub_04(d) | Spotted Lightning 13984 | -6/Hub_04(d) | Spotted Lightning 13988 | -6/Hub_04(d) | System corruption reached 30% 13990 | -6/Hub_04(d) | Entered Factory 13990 | -5/Factory | Evolved 2 slots: Power x1, Utility x1 14018 | -5/Factory | Lost 3 parts (1n1u1w) 14223 | -5/Factory | Fabricated Railgun? 14237 | -5/Factory | Build established: Scavenger-Mutant 14305 | -5/Factory | Fabricated Railgun (x2) 14388 | -5/Factory | Local fabrication network quarantined 14787 | -5/Factory | Discovered new exit (range 4) 14845 | -5/Factory | Identified exit to Upper Caves 15108 | -5/Factory | Repaired Centrium Medium Armor Plating 15190 | -5/Factory | First assault squad dispatched 15268 | -5/Factory | Repaired Broken Lrn. Proton Cannon 15289 | -5/Factory | Build established: Hauler-Mutant 15567 | -5/Factory | Entered Upper Caves 15573 | -5/Upper Caves | Learned Factory non-interactive machine intel 16365 | -5/Upper Caves | Discovered new exit (range 5) 16445 | -5/Upper Caves | Entered another Upper Caves area 16449 | -5/Upper Caves | Learned Factory terminal intel 16458 | -5/Upper Caves | Learned Factory emergency access door positions 16500 | -5/Upper Caves | Discovered new exit (range 14) 16898 | -5/Upper Caves | Discovered new exit (range 9) 16909 | -5/Upper Caves | Entered Warlord 16920 | -5/Warlord | Build established: Hauler-Assassin 16971 | -5/Warlord | Discovered new exit (range 18) 17006 | -5/Warlord | System corruption cleaned by Quarantine Array 17247 | -5/Warlord | Learned Armory trap positions 17247 | -5/Warlord | Learned Quarantine trap positions 17247 | -5/Warlord | Learned 4 Armory zone layouts 17247 | -5/Warlord | Learned 4 Command zone layouts 17248 | -5/Warlord | Learned Testing security intel 17248 | -5/Warlord | Learned Armory terminal intel 17307 | -5/Warlord | Met Warlord 17332 | -5/Warlord | Warlord's base attacked by MAIN.C 17455 | -5/Warlord | Opened side exit 17503 | -5/Warlord | Lost 3 parts (1p1u1w) 17540 | -5/Warlord | Entered Proximity Caves 17540 | -4/Proximity Caves | Accompanied by 1 ally 17938 | -4/Proximity Caves | Spotted B-86 Titan 18127 | -4/Proximity Caves | Discovered new exit (range 19) 18303 | -4/Proximity Caves | Learned Research stockpile data 18334 | -4/Proximity Caves | Entered Factory 18334 | -4/Factory | Evolved 2 slots: Utility x1, Weapon x1 18336 | -4/Factory | Loaded intel: 279 non-interactive machine locations 18337 | -4/Factory | Loaded intel: 20 terminal locations 18589 | -4/Factory | Discovered new exit (range 23) 18802 | -4/Factory | Build established: Scavenger-Assassin 19552 | -4/Factory | Build established: Hauler-Assassin 19682 | -4/Factory | Found Quantum Capacitor 19836 | -4/Factory | Repaired Broken Centrium Heavy Treads 19951 | -4/Factory | Repaired Centrium Medium Armor Plating? 20024 | -4/Factory | Destroyed 7 combat bots 20065 | -4/Factory | Repaired Lrn. Sensor Array 20111 | -4/Factory | Spotted B-86 Titan 20347 | -4/Factory | Identified exit to Upper Caves 20834 | -4/Factory | First assault squad dispatched 20934 | -4/Factory | Garrison activated, responded to threat 20967 | -4/Factory | Lost 3 parts (1n2w) 21033 | -4/Factory | System corruption reached 10% 21078 | -4/Factory | Destroyed 9 combat bots 21126 | -4/Factory | Lost 11 parts (1p1n4u5w) 21196 | -4/Factory | Identified exit to Research 21241 | -4/Factory | Found Hvy. Reflective Plating 21259 | -4/Factory | Found Launcher Loader 21264 | -4/Factory | Found Hvy. Reflective Plating 21283 | -4/Factory | Entered Upper Caves 21578 | -4/Upper Caves | Discovered new exit (range 12) 21667 | -4/Upper Caves | Entered another Upper Caves area 21680 | -4/Upper Caves | Build established: Hauler-Gunner 21737 | -4/Upper Caves | Learned 4 Research zone layouts 21800 | -4/Upper Caves | Discovered exit to Research (range 22) 22304 | -4/Upper Caves | Learned location of Quarantine (-2) 22341 | -4/Upper Caves | Discovered new exit (range 14) 22358 | -4/Upper Caves | Entered Zhirov 22358 | -4/Zhirov | Discovered new exit (range 3) 22380 | -4/Zhirov | Met Zhirov 22406 | -4/Zhirov | Learned location of Command (-1) 22414 | -4/Zhirov | Zhirov requested help retrieving the SGEMP Prototype 22432 | -4/Zhirov | Found Alien Artifact 22432 | -4/Zhirov | Identified Integrated Dissipator 22432 | -4/Zhirov | Installed Integrated Dissipator, increased core heat dissipation (+2%) 22453 | -4/Zhirov | Found Alien Artifact 22631 | -4/Zhirov | Entered Proximity Caves 23281 | -3/Proximity Caves | Build established: Hauler-Mutant 23629 | -3/Proximity Caves | Attracted the attention of an 0b10 checkpoint 23697 | -3/Proximity Caves | Lost 6 parts (1p2u3w) 23731 | -3/Proximity Caves | Discovered exit to Research (range 12) 23795 | -3/Proximity Caves | Entered Research 23795 | -3/Research | Evolved 2 slots: Utility x2 23796 | -3/Research | Identified exit to Armory 24355 | -3/Research | Repaired Hvy. Reflective Plating 24558 | -3/Research | System corruption reached 10% 24604 | -3/Research | Destroyed 8 combat bots 24612 | -3/Research | Lost 7 parts (2n2u3w) 24755 | -3/Research | Spotted B-86 Titan 24936 | -3/Research | Lost 8 parts (2p4u2w) 25083 | -3/Research | Fabricated Centrium Leg? 25188 | -3/Research | Lost 3 parts (2p1n) 25232 | -3/Research | Identified exit to Testing 25391 | -3/Research | Discovered new exit (range 9) 25661 | -3/Research | Lost 4 parts (1p1n2u) 25894 | -3/Research | Build established: Hacker-Gunner 26057 | -3/Research | Lost 3 parts (1p1n1u) 26199 | -3/Research | Core integrity fell below 50% 26292 | -3/Research | Entered Testing 26418 | -3/Testing | Garrison activated, responded to threat 26451 | -3/Testing | Lost 3 parts (1p1u1w) 26536 | -3/Testing | Found Prototype Processor 26536 | -3/Testing | Identified Exp. Target Analyzer 27042 | -3/Testing | First assault squad dispatched 27103 | -3/Testing | Fabricated Centrium Medium Armor Plating? 27166 | -3/Testing | Destroyed 8 combat bots 27253 | -3/Testing | Lost 5 parts (1p3u1w) 27313 | -3/Testing | System corruption reached 30% 27337 | -3/Testing | Lost 3 parts (2n1u) 27523 | -3/Testing | Lost 17 parts (4p4n6u3w) 27562 | -3/Testing | Core integrity fell below 20% 27639 | -3/Testing | Spotted Striker 27684 | -3/Testing | Destroyed Striker 27687 | -3/Testing | Destroyed by P-80 Master with Gamma Rifle Last Messages --------------- 27675_ System corrupted: Coil Gun targeting data glitched. 27675_ Slug penetrates Striker. 27675_ System corrupted: Coil Gun targeting data glitched. 27675_ Slug penetrates Striker. 27675_ System corrupted: Coil Gun targeting data glitched. 27675_ Striker suffers critical hit. 27675_ Destroyed Impulse Thruster Array. 27678_ Slug penetrates Striker. 27678_ System corrupted: Coil Gun targeting data glitched. 27678_ Slug penetrates Wall. 27678_ System corrupted: Coil Gun targeting data glitched. 27679_ System corrupted: Matter fused (-10). 27681_ Flexi-carbon Leg destroyed. 27681_ Coil Gun destroyed. 27681_ Slug penetrates Striker. 27684_ Myomer Leg destroyed. 27684_ Terminal disabled. 27684_ Myomer Leg destroyed. 27684_ Slug penetrates Striker. 27684_ Striker destroyed. Map ----- +----------------------------------------------------+ | ?????????????????????????????????????????????????? | | ?????????????????????????????????????????????????? | | ?????????????????????????????????????????????????? | | ?????????????????????????????????????????????????? | | ?????????????????????????????????????????????????? | | ?????????????????????????????????????????????????? | | ?????????????????????????????????????????????????? | | ??????????????? ????????????????????????????????? | | ??????????????? ????????????????????????????????? | | ??????????????# #???????????????????????????????? | | ??????????????# #??????????????????#??"?????????? | | ??????????????# ???????????? ? # ""????? #??? | | ??????????????# #???????????###### ? """"""" #? | | ??????????????# #???????? ?#?##### #?######### | | ??????????????# #???????? #####?## ###########? | | ?????????????## ##?? ?"" ######## ####?###### ? | | ?????????????# #?? ?"" ####?### ###########? | | ?????????????# #???? + ? ########### | | ?????????????# +? """ ## ################# | | ?????????????? # """ ## #########?####### | | ??????????????# #? """ ## ##############?## | | ??????????????# ## ? ## ##########"#" # | | ????#+##+###### ############ ###########" + | | ????# ### ppp######### " # | | ????+ ### p ######### " " # | | ????# !* !%@ ##########" " # | | ????# %% % ### #########"#""" # ? | | ????### ######### ### ################ | | ??????# ?##??#### ######################## | | ??????# ?#??###### == | | ??????###?######### % | | ???????######?##### %= | | #?#####?#??######## ^ !%! | | ?#?###?###?######## ! ######+########## | | ?#??#?############# ##### %=* = ##### | | ###?#?########## =% #####""[ [[ ##### | | ##?#####?####### ^"" "" ! #####""="%"/##### | | ?############### """ ""=% """##"" "" =##### | | ################### """ "" ! """##G " =[##### | | ################### """ """! ""##"" ##### | | ################### [ " %[F""##""= ######## | | ################### % %!% """##"" " " ######## | | ###################" ^"%[! ##### """ ######## | | ###################" ##### ######## | | ###################"" " ## + ######## | | ###################"" " ## ################# | | ###################"" = """ ##+################# | | ###################"T # " ####### | | ###################" ^ ^ # ####### | | ###################" # % # ##### | +----------------------------------------------------+ Best States ------------- Heat Dissipation 123 Coolant Potential 100 Energy Generation 49 Energy Capacity 865 Matter Stores 550 Matter Capacity 550 Sight Range 16 Robot Scan Range 20 Terrain Scan Range 24 Terrain Scan Density 210 Jamming Range 16 Power Amplification 30 Armor Coverage 900 Resistance: KI 30 Resistance: TH 25 Resistance: EX 50 Core Shielding 30 Propulsion Shielding 90 Utility Shielding 66 Weapon Cycling 30 Phase Shifting 10 Evasion (%) 50 Targeting Accuracy 16 Target Analysis 12 Core Analysis 10 Recoil Reduction 4 Matter Filtering 30 Energy Filtering 50 Offensive Hacking 24 Defensive Hacking 14 Item Schematics ----------------- Shock Rifle | -9/Storage | Hacked Hcp. Storage Unit | -6/Extension | Hacked Lrg. Storage Unit | -6/Cetus | Hacked Centrium Medium Armor Plating | -5/Factory | Scanalyzed Arm. Huge Wheel | -5/Factory | Scanalyzed Lrn. Proton Cannon | -5/Factory | Scanalyzed Antimatter Cannon | -5/Factory | Scanalyzed Assault Drone Bay | -4/Zhirov | Free Exp. Heat Sink | -4/Zhirov | Free Exp. Optical Array | -4/Zhirov | Free Imp. Arc Thrower | -4/Zhirov | Free Robot Schematics ------------------ G-50 Soldier | -6/Extension | Hacked Fabricated ------------ Railgun | x2 | -5/Factory | Preloaded Railgun | x2 | -5/Factory | Preloaded Centrium Leg | x1 | -3/Research | Preloaded Centrium Medium Armor Plating | x1 | -3/Testing Alien Tech Used ----------------- Integrated Dissipator Achievements -------------- None Challenges ------------ None Game ------ Seed MetafieldReactionDoublenader Manual? 0 Play Time 04:18:43 Cumulative 413.5 hours Start 2020.07.14 @ 19:01:45 End 2020.07.15 @ 10:56:06 Sessions 5 Manual Loads 0 Difficulty Rogue Special Mode None Game No. 279 Rogue 279 Adventurer 0 Explorer 0 Win Type - Total 4 Types 4/0/0/0/0/0/0 Lore% 85 Gallery% 86 Achievement% 64 Wizard Run 0 Options --------- ASCII 0 Keyboard 0 Movement Mouse Keybinds 1 Fullscreen 2 Font 24/Smallcaps Map View 76x50 Tactical HUD 1 Map Filters NONE Filters NONE Steam 1 RUN: 18ab565e-5d5b-4832-83ac-a9734887ce04